AoeStats
← Ninja Gromp

Socotra

505208442Analyzed
3v3 RM · 24d ago on Sep 8, 2026· 39m 47s· 6 players
Game mode
Random Map
Map size
128×128
Population
200
Speed
Normal
Resources
Standard
Victory
Conquest
Starting age
Dark Age
Ending age
Imperial Age
RankedLock teamsTeams togetherTeam positionsShared explorationLock speedFull tech treeHidden civsTurbo modeCheats
Victory
Defeat
🇦🇺 Koreans · Australia
1158
+15
🇦🇺 Malay · Australia
1157
+15
🇦🇺 Magyars · Australia
1063
+18
🇹🇼 Saracens · Taiwan
1165
-18
🇸🇪 Malay · Sweden
1113
-15
🇪🇸 Portuguese · Spain
1093
-15
< blank >
7:38 Loom
10:39 Feudal Age
12:56 Wheelbarrow
12:22 Double-Bit Axe
15:31 Fletching
18:33 Gold Mining
25:05 Castle Age
25:13 Elite Skirmisher
26:29 Bodkin Arrow
26:39 Town Watch
27:19 Bow Saw
26:58 Horse Collar
27:37 Crossbowman
31:33 Scale Mail Armor
32:37 Fervor
35:31 Chain Mail Armor
35:27 Forging
38:02 Hand Cart
38:14 Heavy Plow
38:45 Squires
Fred1001
7:13 Loom
10:34 Feudal Age
16:18 Double-Bit Axe
16:17 Horse Collar
19:21 Castle Age
18:35 Fletching
19:34 Wheelbarrow
24:08 Ballistics
23:17 Man-at-Arms
24:41 Masonry
24:48 Long Swordsman
25:24 Town Watch
25:48 Gold Mining
28:43 Arson
28:55 Stone Mining
32:12 Crossbowman
34:01 Bodkin Arrow
36:20 Bow Saw
37:51 Gold Shaft Mining
38:27 Hand Cart
38:27 Heavy Plow
Ninja Gromp
7:11 Loom
9:26 Feudal Age
13:30 Scale Barding Armor
16:31 Double-Bit Axe
16:28 Horse Collar
19:15 Wheelbarrow
24:15 Castle Age
24:40 Bloodlines
25:20 Husbandry
26:28 Hand Cart
27:42 Bow Saw
28:25 Light Cavalry
32:28 Chain Barding Armor
34:28 Fletching
34:39 Stone Mining
37:31 Imperial Age
39:03 Corvinian Army
Lagarto Fernando
6:22 Loom
11:05 Feudal Age
11:27 Horse Collar
11:34 Double-Bit Axe
19:01 Castle Age
18:31 Fletching
19:26 Wheelbarrow
22:19 Bodkin Arrow
24:17 Treadmill Crane
26:58 Forging
29:53 Imperial Age
33:55 Chemistry
34:47 Ballistics
35:36 Conscription
35:43 Gold Mining
35:42 Town Watch
39:20 Fortified Wall
39:27 Arquebus
s
5:37 Loom
13:10 Feudal Age
13:27 Double-Bit Axe
14:02 Horse Collar
20:21 Fletching
20:31 Padded Archer Armor
25:47 Castle Age
24:41 Forging
24:36 Scale Barding Armor
24:35 Gold Mining
27:37 Gold Shaft Mining
28:31 Iron Casting
29:55 Wheelbarrow
31:16 Husbandry
35:01 Scale Barding Armor
40:12 Hand Cart
5A
2:26 Loom
2:32 Loom
9:27 Feudal Age
9:57 Double-Bit Axe
18:06 Wheelbarrow
22:20 Padded Archer Armor
22:11 Fletching
27:36 Castle Age
25:47 Stone Mining
27:47 Crossbowman
34:33 Thumb Ring
Connection lost

Rejoining the realm…

Still unreachable

The connection could not be restored.

Session expired

The server has moved on; the page needs a fresh start.